 Dungeon Crawl Stone Soup version 0.31.0-2-g5a2aebc5c2 (webtiles) character file.

Game seed: 16577368006616929622

2029 Aviak the Frost Mage (level 9, -10/65 HPs)
             Began as a Gnoll Ice Elementalist on Jan 20, 2024.
             Was an Initiate of Vehumet.
             Mangled by Menkaure (39 damage)
             ... on level 6 of the Dungeon.
             The game lasted 00:08:00 (5222 turns).

Aviak the Frost Mage (Gnoll Ice Elementalist)       Turns: 5222, Time: 00:08:01

Health: -10/65     AC:  5    Str:  8    XL:     9   Next: 23%
Magic:  18/18      EV:  2    Int: 19    God:    Vehumet [......]
Gold:   136        SH:  0    Dex: 12    Spells: 14/21 levels left

rFire   . . .        D - +4 flail (holy)
rCold   . . .        (no shield)
rNeg    . . .        v - +0 ring mail {rPois}
rPois   +            (no helmet)
rElec   .            u - scarf {repulsion}
rCorr   .            (no gloves)
SInv    .            (no boots)
Will    .....        g - amulet of regeneration
Stlth   ++           E - +5 ring of evasion
HPRegen 1.10/turn    (no ring)
MPRegen 0.16/turn

%: repel missiles
@: sleeping
A: fangs 1, strong nose, distributed training
a: Renounce Religion


You were on level 6 of the Dungeon.
You worshipped Vehumet.
Vehumet was noncommittal.
You visited 2 branches of the dungeon, and saw 7 of its levels.

You collected 280 gold pieces.
You spent 144 gold pieces at shops.

Inventory:

Hand Weapons
 m - a +2 whip of flaming
 D - a +4 flail of holy wrath (weapon)
Armour
 u - a scarf of repulsion (worn)
 v - a +0 ring mail of poison resistance (worn)
Jewellery
 g - an amulet of regeneration (around neck)
 z - a ring of resist corrosion
 E - a +5 ring of evasion (left hand)
Wands
 a - a wand of mindburst (7)
 F - a wand of flame (15)
Scrolls
 d - a scroll of enchant weapon {unknown}
 j - a scroll of blinking {unknown}
 l - 2 scrolls of fog {unknown}
 n - a scroll of fear {unknown}
 o - a scroll of poison {unknown}
 r - 7 scrolls of identify {unknown}
 t - a scroll of teleportation
 w - a scroll of acquirement {unknown}
 x - a scroll of butterflies {unknown}
 y - a scroll of revelation {unknown}
 B - a scroll of vulnerability {unknown}
Potions
 b - 2 potions of magic
 c - 2 potions of curing
 e - a potion of berserk rage {unknown}
 f - 2 potions of enlightenment {unknown}
 h - a potion of heal wounds
 i - 3 potions of degeneration {unknown}
 k - 2 potions of mutation {unknown}
 p - a potion of haste {unknown}
 q - 2 potions of lignification {unknown}
 s - a potion of might
 A - a potion of attraction {unknown}
 C - a potion of invisibility {unknown}


   Skills:
 + Level 4.2 Fighting
 + Level 4.2 Short Blades
 + Level 4.2 Long Blades
 + Level 4.2 Axes
 + Level 4.2 Maces & Flails
 + Level 4.2 Polearms
 + Level 4.2 Staves
 + Level 4.2 Ranged Weapons
 + Level 4.2 Throwing
 + Level 4.2 Armour
 + Level 6.3 Dodging
 + Level 6.0 Stealth
 + Level 4.2 Shields
 + Level 4.2 Unarmed Combat
 + Level 6.6 Spellcasting
 + Level 3.4 Conjurations
 + Level 3.4 Hexes
 + Level 3.4 Summonings
 + Level 3.4 Necromancy
 + Level 3.4 Translocations
 + Level 3.4 Fire Magic
 + Level 8.0 Ice Magic
 + Level 3.4 Air Magic
 + Level 3.4 Earth Magic
 + Level 3.4 Alchemy
 + Level 4.6 Invocations
 + Level 4.2 Evocations
 + Level 3.8 Shapeshifting


You had 14 spell levels left.
You knew the following spells:

 Your Spells              Type           Power      Damage    Failure   Level
a - Freeze                Ice            100%       1d10      1%          1
c - Frozen Ramparts       Ice            72%        1d11      3%          3
f - Ozocubu's Armour      Ice            36%        N/A       3%          3

Your spell library contained the following spells:

 Spells                   Type           Power      Damage    Failure   Level
 Summon Ice Beast         Ice/Summ       28%        N/A       9%          3
 Sublimation of Blood     Necr           19%        N/A       11%         2
 Petrify                  Alch/Erth      19%        N/A       56%         4
 Irradiate                Conj/Alch      9%         3d14      89%         5
 Summon Mana Viper        Hex/Summ       19%        N/A       89%         5
 Sculpt Simulacrum        Ice/Alch       14%        N/A       99%         6
 Monstrous Menagerie      Summ           9%         N/A       100%        7
 Ozocubu's Refrigeration  Ice            18%        4d11      100%        7
 Polar Vortex             Ice            18%        12d2*     100%        9


Dungeon Overview and Level Annotations

Branches:
Dungeon (6/15)             Temple (1/1) D:5

Altars:
Ashenzari
Cheibriados
Dithmenos
Fedhas
Gozag
Kikubaaqudgha
Makhleb
Nemelex Xobeh
Okawaru
Sif Muna
Trog
Uskayaw
Vehumet
Xom
Yredelemnul
Zin
The Shining One

Shops:
D:4 !

Annotations:
D:6 Menkaure


Innate Abilities, Weirdness & Mutations

You have very sharp teeth.
Your uncanny sense of smell can sniff out nearby items.
Your experience applies equally to all skills.


Message History

HP restored.
Magic restored.
Things that are here:
a +0 club; a boomerang
Items here: ( )) [ ††.
Things that are here:
a +0 war axe; a +0 ring mail; an orc corpse
q - 2 emerald potions (gained 1)
Found an escape hatch in the floor.
F - a wand of flame (15)
Your +2 whip of flaming stops flaming.
Your +4 flail of holy wrath softly glows with a divine radiance!
D - a +4 flail of holy wrath (weapon)
Found 6 curare-tipped darts.
Menkaure, Prince of Dust comes into view.
Menkaure shouts!
Menkaure gestures at you while chanting.
Pain shoots through your body!
Menkaure is nearby!
A sleepcap comes into view.
Menkaure casts a spell.
Menkaure seems to speed up.
Menkaure calls on the powers of darkness!
Your body is wracked with pain!
The sleepcap releases spores at you.
Unknown command.
You hit Menkaure.
Menkaure convulses.
Menkaure is moderately damaged.
Menkaure barely misses you.
Menkaure shouts, "The curse of the Pharaohs be upon you!"
Menkaure misses you.
You hit Menkaure.
Menkaure convulses.
You bite Menkaure, but do no damage.
Menkaure is moderately damaged.
The sleepcap releases spores at you.
You are engulfed in a cloud of soporific spores!
You fall asleep.
Menkaure shouts, "Why can't you leave me to my rest?"
Menkaure hits you!!!
Ouch! That really hurt!
You die...

.# #.# .# ∆ #.# .###
#.####.######## ...#
#.............# .#.#
#######.#########
...###...###...###...##
###.#.....#.###.#.....#
.#...#...#...#...#
.#...#####...#..@####
.#...# #.(.#.fM#...
###.#.....#.###.#.... .
.###. .###. .###. .## ...
.###. ....#.###.## ...
..#.. ...#...#...#
####...#...#####...#...#
...#...#...#...#...#...##
....#.###.#.....#.###.#.#


You could see a sleepcap and Menkaure (fast).

Vanquished Creatures
  Pikel (D:4)
  Edmund (D:6)
  A water moccasin (D:5)
  2 centaurs
  An ogre (D:4)
  Blork the orc (D:6)
  A bullfrog (D:5)
  6 scorpions
  A gnoll sergeant (D:5)
  A howler monkey (D:4)
  4 hounds
  4 bombardier beetles
  A jelly (D:5)
  An iguana (D:6)
  A sleepcap (D:5)
  2 orc wizards
  3 gnolls (D:5)
  4 adders
  A shadow imp (D:6)
  4 white imps (D:5)
  An ufetubus (D:5)
  2 ribbon worms
  A dart slug (D:5)
  6 orcs
  9 ball pythons
  5 endoplasms
  3 giant cockroaches
  4 goblins
  6 hobgoblins
  2 jackals (D:4)
  7 kobolds
  5 quokkas
  3 bats
  2 frilled lizards (D:1)
  5 rats
102 creatures vanquished.

Notes
Turn   | Place    | Note
-------+----------+-------------------------------------------
     0 | D:1      | Aviak the Gnoll Ice Elementalist began the quest for the
                  | Orb.
     0 | D:1      | Reached XP level 1. HP: 13/13 MP: 6/6
   104 | D:1      | Reached XP level 2. HP: 17/19 MP: 1/7
  1047 | D:2      | Reached skill level 5 in Spellcasting
  1047 | D:2      | Reached XP level 3. HP: 25/25 MP: 6/9
  1226 | D:2      | Reached skill level 1 in Invocations
  1614 | D:2      | Reached skill level 1 in Fighting
  1614 | D:2      | Reached skill level 1 in Short Blades
  1614 | D:2      | Reached skill level 1 in Long Blades
  1614 | D:2      | Reached skill level 1 in Axes
  1614 | D:2      | Reached skill level 1 in Maces & Flails
  1614 | D:2      | Reached skill level 1 in Polearms
  1614 | D:2      | Reached skill level 1 in Staves
  1614 | D:2      | Reached skill level 1 in Ranged Weapons
  1614 | D:2      | Reached skill level 1 in Throwing
  1614 | D:2      | Reached skill level 1 in Armour
  1614 | D:2      | Reached skill level 1 in Shields
  1614 | D:2      | Reached skill level 1 in Unarmed Combat
  1614 | D:2      | Reached skill level 1 in Evocations
  1964 | D:3      | Learned a level 3 spell: Frozen Ramparts
  1968 | D:3      | Learned a level 3 spell: Ozocubu's Armour
  2151 | D:3      | Reached skill level 1 in Shapeshifting
  2151 | D:3      | Reached XP level 4. HP: 28/32 MP: 8/11
  2383 | D:4      | Noticed a lemure
  2387 | D:4      | Noticed Pikel
  2387 | D:4      | Noticed a lemure
  2387 | D:4      | Noticed a lemure
  2387 | D:4      | Noticed a lemure
  2394 | D:4      | Killed Pikel
  2395 | D:4      | Reached skill level 5 in Dodging
  2395 | D:4      | Reached XP level 5. HP: 17/39 MP: 1/13
  2395 | D:4      | Reached XP level 6. HP: 21/46 MP: 1/14
  2395 | D:4      | Reached XP level 7. HP: 23/51 MP: 1/15
  2753 | D:4      | Reached skill level 5 in Stealth
  3080 | D:4      | Found Evualek's Distillery.
  3097 | D:4      | Bought a potion of heal wounds for 60 gold pieces
  3097 | D:4      | Bought a potion of curing for 36 gold pieces
  3097 | D:4      | Bought a potion of might for 48 gold pieces
  3361 | D:5      | Entered Level 5 of the Dungeon
  3630 | D:5      | Reached XP level 8. HP: 58/58 MP: 12/16
  4065 | D:5      | Found a staircase to the Ecumenical Temple.
  4076 | Temple   | Entered the Ecumenical Temple
  4157 | Temple   | Became a worshipper of Vehumet
  4936 | D:6      | Reached XP level 9. HP: 60/65 MP: 14/18
  5094 | D:6      | Noticed Blork the orc
  5103 | D:6      | Killed Blork the orc
  5121 | D:6      | Noticed Edmund
  5151 | D:6      | Killed Edmund
  5152 | D:6      | Reached skill level 8 in Ice Magic
  5217 | D:6      | Noticed Menkaure
  5222 | D:6      | Mangled by Menkaure

Illustrated notes

Levels and vault maps discovered:
D:1:      elethiomel_arrival_quiet, layout_basic
D:2:      layout_basic, eino_tiny_chamber
D:3:      layout_rooms, serial_bayou_ford_a, minmay_misc_feat_doors
D:4:      layout_loops_ring, serial_bayou, serial_bayou_pond_c,
          serial_bayou_shore_b, serial_bayou_shore_b, serial_bayou_lake_a,
          serial_shops, nicolae_shop_tiny_waterfront, uniq_pikel
D:5:      cheibrodos_barr_body, layout_cave_pods, minmay_temple_entry_arrows
D:6:      nicolae_cairo_tiling, layout_loops_ring, minmay_microvault,
          uniq_blork_the_orc, uniq_edmund, uniq_menkaure
Temple:   minmay_crystal_spiral_temple

Skill      XL: |  1  2  3  4  5  6  7  8  9 |
---------------+----------------------------+-----
Spellcasting   | 5 6 |  6.6
Invocations    | 1 2 3 4 |  4.6
Fighting       | 1 2 3 4 |  4.2
Short Blades   | 1 2 3 4 |  4.2
Long Blades    | 1 2 3 4 |  4.2
Axes           | 1 2 3 4 |  4.2
Maces & Flails | 1 2 3 4 |  4.2
Polearms       | 1 2 3 4 |  4.2
Staves         | 1 2 3 4 |  4.2
Ranged Weapons | 1 2 3 4 |  4.2
Throwing       | 1 2 3 4 |  4.2
Armour         | 1 2 3 4 |  4.2
Shields        | 1 2 3 4 |  4.2
Unarmed Combat | 1 2 3 4 |  4.2
Evocations     | 1 2 3 4 |  4.2
Shapeshifting  | 1 2 3 |  3.8
Dodging        | 5 6 |  6.3
Conjurations   | 2 3 |  3.4
Hexes          | 2 3 |  3.4
Summonings     | 2 3 |  3.4
Necromancy     | 2 3 |  3.4
Translocations | 2 3 |  3.4
Fire Magic     | 2 3 |  3.4
Air Magic      | 2 3 |  3.4
Earth Magic    | 2 3 |  3.4
Alchemy        | 2 3 |  3.4
Stealth        | 5 6 |  6.0
Ice Magic      | 8 |  8.0

Action                     |  1- 3 |  4- 6 |  7- 9 || total
---------------------------+-------+-------+-------++-------
  Melee: Unarmed           |    24 |     3 |     1 ||    28
         Bite              |     2 |       |    22 ||    24
         Whip              |       |       |   177 ||   177
         Punch             |       |       |     2 ||     2
         Flail             |       |       |     2 ||     2
   Cast: Freeze            |    63 |     9 |    11 ||    83
         Frozen Ramparts   |     1 |     1 |    16 ||    18
         Ozocubu's Armour  |       |     1 |     7 ||     8
    Use: Scroll            |       |       |     1 ||     1
   Stab: Sleeping          |       |       |     3 ||     3
 Armour: Robe              |    30 |     6 |    22 ||    58
         Ring mail         |       |       |    73 ||    73
  Dodge: Dodged            |    35 |     7 |   142 ||   184
         Repelled          |       |       |     1 ||     1
